 Dungeon Crawl Stone Soup version 0.31-a0-182-gc5ef74bbde (webtiles) character file.

Game seed: 16032772088364399626

372 qw the Chopper (level 6, -7/38 HPs)
             Began as a Gargoyle Fighter on June 20, 2023.
             Mangled by an ogre
             ... wielding a +0 giant club
              (12 damage)
             ... on level 4 of the Dungeon.
             The game lasted 00:01:12 (2655 turns).

qw the Chopper (Gargoyle Fighter)                   Turns: 2655, Time: 00:01:12

Health: -7/38      AC: 14    Str: 22    XL:     6   Next: 71%
Magic:  6/6        EV:  6    Int:  8    God:
Gold:   87         SH:  4    Dex:  9    Spells: 5/5 levels left

rFire   . . .        Y - +0 war axe
rCold   . . .        c - +0 buckler
rNeg    + . .        m - +0 plate armour
rPois   inf          l - +1 helmet
rElec   +            (no cloak)
rCorr   .            (no gloves)
SInv    .            (no boots)
Will    .....        (no amulet) Stlth
                     (no ring)
HPRegen 0.26/turn    (no ring)
MPRegen 0.10/turn

%: no passive effects
@: about to teleport, corroded
A: sickness immunity, AC +4, negative energy resistance 1, electricity
resistance, torment resistance 1, petrification resistance
a: no special abilities


You were on level 4 of the Dungeon.
You visited 1 branch of the dungeon, and saw 4 of its levels.

You collected 187 gold pieces.
You spent 100 gold pieces at shops.


Innate Abilities, Weirdness & Mutations

You are immune to sickness and miasma.
Your stone body is resilient. (AC +4)
You are immune to poison.
You resist negative energy. (rN+)
You are resistant to electric shocks. (rElec)
You are resistant to unholy torment.
You are immune to petrification.


   Skills:
 - Level 4.0 Fighting
 - Level 6.0 Axes
 + Level 3.3 Armour
 - Level 3.2 Shields


You had 5 spell levels left.
You didn't know any spells.
Your spell library was empty.

Inventory:

Hand Weapons
 b - a +0 flail
 Y - a +0 war axe (weapon)
Missiles
 k - 8 boomerangs (quivered)
Armour
 c - a +0 buckler (worn)
 l - a +1 helmet (worn)
 m - a +0 plate armour (worn)
Scrolls
 a - a scroll of identify
 h - a scroll of revelation {unknown}
Potions
 d - 2 potions of might
 e - a potion of magic
 f - a potion of haste {unknown}
 i - a potion of curing
 j - a potion of resistance {unknown}
 p - a potion of mutation {unknown}
 q - 3 potions of heal wounds

Dungeon Overview and Level Annotations

Branches:
Dungeon (4/15)
 Temple: D:4-7

Altars:

Shops:
D:3 !

Annotations:
D:3 1 runed translucent door, qw's ghost, amateur GrFi


Message History

You block the adder's attack.
You closely miss the adder.
The adder bites you but does no damage. x2
You slash the adder!
The adder is severely wounded.
You block the adder's attack.
You slash the adder!
You kill the adder!
You barely miss the orc. You block the orc's attack.
You hit the jelly.
Your hands burn!
The jelly is lightly wounded.
The jelly hits you but does no damage.
You slash the jelly! The acid corrodes you!
Your hands burn!
The jelly is severely wounded.
The jelly barely misses you.
You hit the jelly.
You kill the jelly!
Your Axes skill increases to level 6!
You hit the orc but do no damage. The orc barely misses you.
You slash the orc!
You kill the orc!
You hit the orc.
The orc is almost dead.
The orc hits you with a +0 dagger.
You closely miss the orc.
The orc is almost dead.
The orc hits you but does no damage.
You slash the orc!
You kill the orc!
The ogre hits you with a +0 giant club!
You hit the ogre but do no damage. You barely miss the ogre.
The ogre hits you with a +0 giant club!
2655 ||| READING scroll of teleportation.
As you read the scroll of teleportation, it crumbles to dust.
You feel strangely unstable. The ogre hits you with a +0 giant club!
You die...

#....########
#####.##.........
##......##########
....####...#### # .#.#
##...[.# # ..# #)###.#####
#.# #.[)....... #.##
####)..#### ##@)# ##..# #
##.#O# #..# # #.##og. #
##..#### ########.#
B..[#.###.......
.........#
....#.......####
#..##.##.# ....#.....)..#
##.##.##.?.##.##.##).#
.#......#####.........###
...................##.....


You could see an ogre, an orc, a giant cockroach and a hobgoblin.

Vanquished Creatures
  Sigmund (D:3)
  A jelly (D:4)
  A hound (D:4)
  Robin (D:2)
  6 adders
  A worm (D:2)
  A dart slug (D:3)
  7 orcs (D:4)
  12 ball pythons
  4 bats
  5 endoplasms
  A giant cockroach (D:4)
  10 goblins
  9 hobgoblins
  6 jackals
  A quokka (D:1)
  3 frilled lizards
  5 kobolds
  5 rats
80 creatures vanquished.

Notes
Turn   | Place    | Note
-------+----------+-------------------------------------------
     0 | D:1      | qw the Gargoyle Fighter began the quest for the Orb.
     0 | D:1      | Reached XP level 1. HP: 14/14 MP: 1/1
     0 | D:1      | 0 ||| qw: Version: 0.3-a-9-g12657ce
     0 | D:1      | 0 ||| qw: Game counter: 1225
     0 | D:1      | 0 ||| qw: Always use a shield: true
     0 | D:1      | 0 ||| qw: God list: Okawaru
     0 | D:1      | 0 ||| qw: Allow faded altars: false
     0 | D:1      | 0 ||| qw: Do Orc after D:15 true
     0 | D:1      | 0 ||| qw: Do second Lair branch before Depths: true
     0 | D:1      | 0 ||| qw: Lair rune preference: random
     0 | D:1      | 0 ||| qw: Plans: Normal, Zot:1-4, Slime:5, God:TSO, Crypt,
                  | Tomb, Abyss, Pan, Hells, Win
     0 | D:1      | 0 ||| PLANNING D:1-11
   108 | D:1      | Reached skill level 2 in Axes
   110 | D:1      | 110 ||| FLEEEEING.
   111 | D:1      | 111 ||| FLEEEEING.
   112 | D:1      | 112 ||| FLEEEEING.
   113 | D:1      | 113 ||| FLEEEEING.
   114 | D:1      | 114 ||| FLEEEEING.
   115 | D:1      | 115 ||| FLEEEEING.
   116 | D:1      | 116 ||| FLEEEEING.
   117 | D:1      | 117 ||| FLEEEEING.
   118 | D:1      | 118 ||| FLEEEEING.
   150 | D:1      | Reached XP level 2. HP: 11/19 MP: 2/2
   300 | D:1      | 300 ||| Stepping ~*~*~tactically~*~*~ (hiding).
   304 | D:1      | 304 ||| Stepping ~*~*~tactically~*~*~ (hiding).
   306 | D:1      | 306 ||| Stepping ~*~*~tactically~*~*~ (hiding).
   342 | D:1      | 342 ||| Stepping ~*~*~tactically~*~*~ (stealth).
   518 | D:1      | Reached skill level 3 in Axes
   586 | D:1      | Reached XP level 3. HP: 22/23 MP: 3/3
   733 | D:1      | 733 ||| UPGRADING to +3 ring mail.
   743 | D:1      | 743 ||| DROPPING +0 scale mail.
   744 | D:1      | 744 ||| UPGRADING to +1 ring mail of cold resistance.
   779 | D:2      | Noticed Robin
   780 | D:2      | 780 ||| Stepping ~*~*~tactically~*~*~ (hiding).
   797 | D:2      | Killed Robin
   798 | D:2      | Reached XP level 4. HP: 13/28 MP: 4/4
   813 | D:2      | 813 ||| FLEEEEING.
   815 | D:2      | 815 ||| STAIRDANCE
   865 | D:2      | 865 ||| Stepping ~*~*~tactically~*~*~ (stealth).
   910 | D:2      | Reached skill level 4 in Axes
  1576 | D:2      | 1576 ||| DROPPING +3 ring mail.
  1577 | D:2      | 1577 ||| UPGRADING to +0 helmet.
  1582 | D:2      | 1582 ||| UPGRADING to +0 plate armour.
  1592 | D:2      | 1592 ||| DROPPING +1 ring mail of cold resistance.
  1593 | D:2      | 1593 ||| READING 2 scrolls labelled KYENGO VAUME.
  1594 | D:2      | 1594 ||| READING 2 scrolls labelled MAODGH VEMOL.
  1595 | D:2      | 1595 ||| READING scroll of enchant armour.
  1595 | D:2      | 1595 ||| ENCHANTING +0 helmet.
  1596 | D:2      | 1596 ||| READING scroll labelled CEBBEBUOTI.
  1601 | D:2      | 1601 ||| READING scroll labelled VUWUNL YZXUBEDGH.
  1656 | D:3      | 1656 ||| Stepping ~*~*~tactically~*~*~ (hiding).
  1658 | D:3      | 1658 ||| Stepping ~*~*~tactically~*~*~ (hiding).
  1791 | D:3      | Found Hylauhawk's Distillery.
  1801 | D:3      | 1801 ||| BUYING potion of heal wounds (50 gold).
  1801 | D:3      | Bought a potion of heal wounds for 50 gold pieces
  1801 | D:3      | 1801 ||| BUYING potion of heal wounds (50 gold).
  1801 | D:3      | Bought a potion of heal wounds for 50 gold pieces
  1801 | D:3      | 1801 ||| SHOPLISTING potion of heal wounds (50 gold, have
                  | 8).
  1801 | D:3      | 1801 ||| SHOPLISTING potion of mutation (80 gold, have 8).
  1801 | D:3      | 1801 ||| SHOPLISTING potion of resistance (100 gold, have
                  | 8).
  1803 | D:3      | Noticed Sigmund
  1809 | D:3      | Killed Sigmund
  1810 | D:3      | Reached skill level 5 in Axes
  1810 | D:3      | Reached XP level 5. HP: 31/32 MP: 5/5
  1810 | D:3      | Reached XP level 6. HP: 36/37 MP: 6/6
  1826 | D:3      | 1826 ||| DROPPING +0 club.
  1907 | D:3      | Found a runed translucent door.
  1922 | D:3      | Noticed qw's ghost (amateur GrFi)
  2468 | D:3      | 2468 ||| DRINKING 2 metallic amethyst potions.
  2469 | D:3      | 2469 ||| DRINKING 2 murky sapphire potions.
  2544 | D:4      | 2544 ||| Stepping ~*~*~tactically~*~*~ (stealth).
  2546 | D:4      | 2546 ||| Stepping ~*~*~tactically~*~*~ (stealth).
  2584 | D:4      | 2584 ||| DROPPING +0 whip.
  2603 | D:4      | 2603 ||| DROPPING +0 mace.
  2648 | D:4      | Reached skill level 6 in Axes
  2654 | D:4      | HP: 5/38 [ogre/+0 giant club (12)]
  2655 | D:4      | 2655 ||| READING scroll of teleportation.
  2655 | D:4      | Mangled by an ogre

Levels and vault maps discovered:
D:1:      sevenhm_arrival_forest_fort_small_4, layout_loops_cross
D:2:      layout_loops_ring, minmay_shallow_snake_nest, uniq_robin
D:3:      layout_basic, ebering_ghost_inner_flame, serial_shops, shop,
          uniq_sigmund
D:4:      layout_loops_ring, grunt_dithmenos_smoke,
          chequers_temple_overflow_statue_of_worship,
          minmay_temple_entry_statues, grunt_decor_arrowhead,
          grunt_decor_resistance, minmay_joined_circles

Skill      XL: |  1  2  3  4  5  6 |
---------------+-------------------+-----
Axes           | 2 3 5 6 |  6.0
Fighting       | 4 |  4.0
Armour         | |  3.3
Shields        | |  3.2

Action                     |  1- 3 |  4- 6 || total
---------------------------+-------+-------++-------
  Melee: War axe           |    82 |   103 ||   185
  Throw: Boomerang         |    10 |    45 ||    55
    Use: Scroll            |       |     6 ||     6
         Potion            |       |     2 ||     2
 Armour: Scale mail        |    30 |       ||    30
         Ring mail         |    14 |    20 ||    34
         Plate armour      |       |    42 ||    42
  Dodge: Dodged            |    52 |    41 ||    93
  Block: Buckler           |    23 |    14 ||    37

Table legend:
 A = Non-vault XP
 B = Vault XP
 C = Vault XP percentage of total XP
 D = Non-vault monster count
 E = Vault monster count
 F = Vault count percentage of total count
                 A         B        C        D         E       F
            +---------+---------+-------+---------+---------+-------
      Total |     183 |     349 |  65.6 |      52 |      28 |  35.0
            +---------+---------+-------+---------+---------+-------
        D:1 |      38 |       0 |   0.0 |      24 |       0 |   0.0
        D:2 |      55 |      58 |  51.3 |      10 |      20 |  66.7
        D:3 |      27 |     223 |  89.2 |       9 |       1 |  10.0
        D:4 |      63 |      68 |  51.9 |       9 |       7 |  43.8
            +---------+---------+-------+---------+---------+-------
